 Dungeon Crawl Stone Soup version 0.17-a0-2093-gc772f4b (webtiles) character file.

2284 st0uf the Magician (level 9, -2/51 HPs)
             Began as an Octopode Wizard on Oct 16, 2015.
             Was a Priest of Cheibriados.
             Slain by an ogre
             ... wielding a +0 giant spiked club
              (8 damage)
             ... on level 8 of the Dungeon.
             The game lasted 00:59:52 (9391 turns).

st0uf the Magician (Octopode Wizard)                Turns: 9391, Time: 00:59:52

Health: -2/51      AC:  3    Str: 14    XL:     9   Next: 39%
Magic:  13/20      EV: 12    Int: 30    God:    Cheibriados [***...]
Gold:   364        SH:  0    Dex: 20    Spells: 4 memorised, 14 levels left

rFire  . . .     SeeInvis .     (no weapon)
rCold  . . .     Clarity  .     (no shield)
rNeg   + . .     SustAt   .     a - +0 hat
rPois  .         Gourm    .     (no amulet)
rElec  .         Spirit   .     q - +3 ring of intelligence
rCorr  .         Warding  .     v - ring of positive energy
rMut   .         Stasis   .     w - +2 ring of protection
MR     .....                    x - +2 ring of slaying
Stlth  ++++......               (no ring)
                                (no ring)
                                (no ring)
                                (no ring)

@: very slow, not resistant to hostile enchantments, stealthy
A: almost no armour, amphibious, 8 rings, constrict 8, camouflage 1, gelatinous
body 1
a: Bend Time, Temporal Distortion, Renounce Religion


You were on level 8 of the Dungeon.
You worshipped Cheibriados.
Cheibriados was most pleased with you.
You were not hungry.

You visited 2 branches of the dungeon, and saw 9 of its levels.

You collected 364 gold pieces.

Inventory:

Armour
 a - a +0 hat (worn)
Jewellery
 q - a +3 ring of intelligence (left tentacle)
 v - a ring of positive energy (right tentacle)
 w - a +2 ring of protection (on tentacle)
 x - a +2 ring of slaying (on tentacle)
Wands
 n - a wand of confusion (35)
Scrolls
 d - a scroll of amnesia {unknown}
 e - 2 scrolls of random uselessness {unknown}
 g - 3 scrolls of remove curse {unknown}
 i - a scroll of enchant weapon {unknown}
 l - 4 scrolls of identify {unknown}
 m - 2 scrolls of fear {unknown}
 p - a scroll of noise {unknown}
 r - a scroll of recharging {unknown}
 t - a scroll of magic mapping {unknown}
 y - 2 scrolls of teleportation {unknown}
 A - a scroll of enchant armour {unknown}
 B - a scroll of silence {unknown}
 C - a scroll of vulnerability {unknown}
 E - a scroll of blinking {unknown}
Potions
 h - a potion of brilliance
 j - 2 potions of curing {unknown}
 k - 3 potions of agility {unknown}
 s - 2 potions of heal wounds {unknown}
 z - a potion of mutation {unknown}
 D - a potion of beneficial mutation {unknown}
 F - a potion of berserk rage {unknown}
 G - a potion of magic {unknown}
Books
 b - a book of Minor Magic

   Spells                             Type                      Level
   a - Magic Dart                     Conjuration                  1
   b - Blink                          Translocation                2
   c - Call Imp                       Summoning                    2
   d - Repel Missiles                 Charms/Air                   2
   e - Slow                           Hexes                        2
   f - Conjure Flame                  Conjuration/Fire             3
   g - Mephitic Cloud                 Conjuration/Poison/Air       3
Comestibles
 c - 6 bread rations
 f - a slice of pizza
 o - 3 beef jerkies
 u - 4 fruits
 H - a meat ration


   Skills:
 + Level 6.3 Dodging
 - Level 4.0 Stealth
 + Level 7.6 Spellcasting
 - Level 5.0 Conjurations
 - Level 1.0 Summonings
   Level 1.0 Translocations
 * Level 5.1 Invocations


You had 14 spell levels left.
You knew the following spells:

 Your Spells              Type           Power        Failure   Level  Hunger
a - Magic Dart            Conj           ####         1%          1    None
b - Call Imp              Summ           ###.....     6%          2    None
c - Conjure Flame         Conj/Fire      ####....     6%          3    None
d - Mephitic Cloud        Conj/Pois/Air  ###.....     10%         3    None


Dungeon Overview and Level Annotations

Branches:
Dungeon (8/15)             Temple (1/1) D:4
   Lair: D:8-11

Altars:
Ashenzari
Cheibriados
Dithmenos
Elyvilon
Fedhas
Gozag
Kikubaaqudgha
Makhleb
Nemelex Xobeh
Qazlal
Ru
Sif Muna
Trog
Vehumet
Xom
Yredelemnul
Zin
The Shining One

Annotations:
D:8 Erica


Innate Abilities, Weirdness & Mutations

You cannot wear most types of armour.
You are amphibious.
You can wear up to eight rings at the same time.
You can use your tentacles to constrict eight enemies at once.
Your skin changes colour to match your surroundings (Stealth).
Your rubbery body absorbs attacks (AC +1).


Message History

You see here a stone.
The adder is engulfed in noxious fumes.
The adder appears confused.
The adder bites something.
The adder poisons something!
The human looks very confused.
The adder is engulfed in noxious fumes.
The adder appears confused.
The wyvern is engulfed in noxious fumes.
The wyvern appears confused.
A human opens the door.
The adder bites something.
The adder poisons something!
All of the chunks of flesh in your inventory have rotted away.
The ogre seems less confused.
Something barely misses the adder.
The human shoots a stone.
The stone hits you.
* * * LOW HITPOINT WARNING * * *
The human shoots a stone.
The stone hits you!
* * * LOW HITPOINT WARNING * * *
There is a stone staircase leading up, spattered with blood here.
You see here a stone.
Cheibriados appreciates the change of pace.
You feel a bit more experienced.
The ogre hits you with a giant spiked club!
You die...

#...#'####..#
+...+.......+
#+######...#'#######
..........##.########+##
..........#............#
..........+............+
..........######'####+##
#+##'#....((............
.....'(........O@.......
####.#......p...........
#.#...#'##+####+##+##
..+..p'. +..#...#l+
##......... #.........#
........... ....


You could see a human and an ogre.

Vanquished Creatures
  Joseph (D:7)
  Prince Ribbit (D:7)
  A black bear (D:5)
  A sky beast (D:6)
  2 ogres
  A centaur (D:6)
  Blork the orc (D:5)
  3 giant frogs
  2 scorpions
  A giant frog zombie (D:7)
  3 crimson imps
  4 hounds
  A centaur zombie (D:5)
  2 orc wizards
  A centaur skeleton (D:6)
  Terence (D:2)
  4 iguanas
  3 worker ants
  2 killer bee zombies
  2 hound zombies
  A hound skeleton (D:5)
  6 adders
  2 shadow imps (D:6)
  2 adder zombies
  2 adder skeletons (D:5)
  2 worms
  3 giant geckos
  6 orcs
  2 ball pythons
  7 giant cockroaches
  6 hobgoblins
  9 jackals
  7 kobolds
  2 quokkas
  5 bats
  5 giant newts
  5 goblins
  3 quokka skeletons
  A quokka zombie (D:6)
  6 rats
119 creatures vanquished.

Vanquished Creatures (collateral kills)
  An ice beast (D:6)
  An orc warrior (D:6)
  A phantom (D:4)
  A crimson imp (D:5)
  An orc wizard (D:6)
  3 worker ants (D:6)
8 creatures vanquished.

Grand Total: 127 creatures vanquished

Notes
Turn   | Place    | Note
--------------------------------------------------------------
     0 | D:1      | st0uf the Octopode Wizard began the quest for the Orb.
     0 | D:1      | Reached XP level 1. HP: 11/11 MP: 4/4
   522 | D:1      | You fall through a shaft!
   539 | D:1      | Reached XP level 2. HP: 1/17 MP: 0/6
  1608 | D:2      | Reached XP level 3. HP: 21/21 MP: 4/7
  2073 | D:2      | Noticed Terence
  2080 | D:2      | Learned a level 2 spell: Call Imp
  2092 | D:2      | Killed Terence
  2521 | D:2      | Reached XP level 4. HP: 27/27 MP: 6/9
  3308 | D:3      | Reached skill level 4 in Stealth
  3840 | D:4      | Reached XP level 5. HP: 13/31 MP: 2/10
  4290 | D:4      | Noticed an ogre
  4325 | D:4      | Learned a level 3 spell: Conjure Flame
  4329 | D:4      | Learned a level 3 spell: Mephitic Cloud
  4370 | D:4      | Noticed a phantom
  4766 | D:4      | Killed an ogre
  4766 | D:4      | Reached XP level 6. HP: 36/36 MP: 4/12
  5113 | D:4      | Killed a phantom
  5261 | D:4      | Found a staircase to the Ecumenical Temple.
  5267 | Temple   | Entered the Ecumenical Temple
  5274 | Temple   | Became a worshipper of Cheibriados the Contemplative
  5428 | D:5      | Entered Level 5 of the Dungeon
  5499 | D:5      | Reached skill level 5 in Spellcasting
  5556 | D:5      | Reached XP level 7. HP: 41/41 MP: 10/14
  5683 | D:5      | Noticed Blork the orc
  5693 | D:5      | Killed Blork the orc
  5915 | D:5      | Reached * piety under Cheibriados
  6329 | D:5      | Reached skill level 6 in Spellcasting
  7039 | D:6      | Reached XP level 8. HP: 46/46 MP: 15/17
  7278 | D:6      | Reached ** piety under Cheibriados
  7278 | D:6      | Reached skill level 5 in Dodging
  7650 | D:6      | Reached skill level 5 in Conjurations
  7892 | D:6      | Reached skill level 7 in Spellcasting
  7892 | D:6      | Reached skill level 1 in Invocations
  8630 | D:7      | Found an ancient bone altar of Kikubaaqudgha.
  8825 | D:7      | Noticed Joseph
  8837 | D:7      | Killed Joseph
  8837 | D:7      | Reached XP level 9. HP: 51/51 MP: 6/20
  8926 | D:7      | Reached *** piety under Cheibriados
  9014 | D:7      | Noticed Prince Ribbit
  9030 | D:7      | Killed Prince Ribbit
  9115 | D:7      | Reached skill level 5 in Invocations
  9372 | D:8      | Noticed Erica
  9391 | D:8      | Slain by an ogre

Vault maps used:
D:1:      dpeg_arrival_refuge
D:2:      first_bread, uniq_terence
D:4:      minmay_temple_entry_fiery
D:5:      serial_corexii_hall, corexii_hall_statues_deadend,
          corexii_hall_statues_l, st_stairs_3, uniq_sigmund, uniq_blork_the_orc
D:6:      minmay_misc_feat_x, glass_columns_c, grunt_ministairs_13
D:7:      basic_altar, uniq_joseph, uniq_prince_ribbit1
D:8:      hangedman_ranch, minmay_ruffians, uniq_pikel, uniq_erica
Temple:   nicolae_temple_no_exploring_needed

Action                   |  1- 3 |  4- 6 |  7- 9 || total
-------------------------+-------+-------+-------++-------
Melee: Unarmed           |    35 |    52 |    76 ||   163
 Cast: Magic Dart        |    78 |   113 |   147 ||   338
       Call Imp          |     2 |     6 |    20 ||    28
       Mephitic Cloud    |       |     3 |    18 ||    21
       Conjure Flame     |       |     3 |    20 ||    23
  Use: Potion            |       |     3 |       ||     3
 Stab: Distracted        |     1 |       |       ||     1
       Sleeping          |     1 |       |       ||     1
       Confused          |       |     1 |     5 ||     6
  Eat: Chunk             |     5 |     9 |     6 ||    20
